 Dungeon Crawl Stone Soup version bcrawl-1.37.2 (webtiles) character file.

Game seed: 18209093320545982281

8604386 Mehrunes the Warrior (level 22, -11/152 (153) HPs)
             Began as a Skeleton Fire Elementalist on Nov 3, 2022.
             Was the Champion of Vehumet.
             Mangled by a juggernaut (45 damage)
             ... on level 4 of the Depths.
             The game lasted 02:47:55 (47468 turns).

Mehrunes the Warrior (Skeleton Fire Elementalist)  Turns: 47468, Time: 02:47:55

HP:   -11/152 (153) AC: 40    Str: 19      XL:     22   Next: 4%
MP:   0/41          EV: 17    Int: 20      God:    Vehumet [******]
Gold: 1625          SH:  0    Dex: 11 (12) Spells: 7/52 levels left

rFire    + + .     GDR:     37% Z - +9 lajatang (vamp)
rCold    + + .     SeeInvis .   (shield currently unavailable)
rNeg     + + +     Gourm    .   g - +8 gold dragon scales
rPois    ∞         Faith    .   j - +2 helmet
rElec    .         Spirit   +   c - scarf {repulsion}
rCorr    .         Reflect  .   v - +2 pair of gloves {Dex+3}
MR       ++++.                  L - +2 pair of boots {Fly}
Stlth    ..........             (no amulet)
HPRegen  0.35/turn              b - ring of the Scorching Madman {rF+ MR+}
MPRegen  0.27/turn              m - +4 ring of evasion

@: about to teleport, flying, studying Axes, repel missiles
A: no food or potions, cold resistance 1, deterioration 1, negative energy
resistance 3, powered by death 2, torment resistance, unbreathing, magic shield,
sturdy frame 3, spell healing
}: 2/15 runes: decaying, barnacled
a: Renounce Religion, Stop Flying


You were on level 4 of the Depths.
You worshipped Vehumet.
Vehumet was exalted by your worship.
You were not hungry.

You visited 8 branches of the dungeon, and saw 32 of its levels.
You visited 1 bazaar.
You also visited: Ossuary.

You collected 4003 gold pieces.
You spent 2378 gold pieces at shops.

Inventory:

Hand Weapons
 f - the +9 sword of Zonguldrok {reap}
   (You found it on level 3 of the Shoals)

   If a monster killed with it leaves a corpse in good enough shape, the corpse
   will be animated as a zombie friendly to the killer.
 r - the +9 great sword "Hulu" {flame, Dex+2 SInv}
   (You found it on level 2 of the Depths)

   It has been specially enchanted to surge with flame as it hits, increasing
   damage dealt by approximately one third against foes not resistant or
   susceptible to fire.
   Its heat also prevents any hydra heads it cuts off from regrowing.
   It affects your dexterity (+2).
   It lets you see invisible.
 t - the +6 staff of Battle {slice, MP+12}
   (You took it off a crimson imp on level 4 of the Dungeon)

   It will always inflict at least some extra damage.
   This minimum extra damage increases with your current reserve of magical
   power.
   It affects your magic capacity (+12).
 X - the +6 arbalest "Damnation" {hellfire, *Curse}
   (You found it on level 1 of the Depths)

   It curses itself when equipped.
 Z - a +9 vampiric lajatang (weapon)
Armour
 c - a scarf of repulsion (worn)
 g - +8 gold dragon scales (worn)
 j - a +2 helmet (worn)
 l - the +9 plate armour "Geibbuek" {rN+ Int+7 Dex+3 Slay-3}
   (You bought it in a shop in a bazaar)

   It affects your intelligence (+7).
   It affects your dexterity (+3).
   It affects your accuracy and damage with ranged weapons and melee attacks
   (-3).
   It protects you from negative energy.
 v - a +2 pair of gloves of dexterity (worn)
 B - the +0 pair of boots of Space {rF+ MR+ Dex-5 Stlth+}
   (You bought it in a shop in a bazaar)

   It affects your dexterity (-5).
   It protects you from fire.
   It affects your resistance to hostile enchantments.
   It makes you more stealthy.
 C - the +6 fire dragon scales of Xtahua {rF+++ rC- MR+}
   (You found it on level 3 of the Depths)

   It renders you almost immune to fire.
   It makes you vulnerable to cold.
   It affects your resistance to hostile enchantments.
 F - a scarf of resistance
 L - a +2 pair of boots of flying (worn)
Magical Staves
 i - an uncursed staff of fire
 n - an uncursed staff of air
 S - an uncursed staff of conjuration
Jewellery
 a - the ring "Piageicley" {rC+ Stlth--}
   (You found it on level 4 of the Lair of Beasts)

   [ring of attention]

   It protects you from cold.
   It makes you much less stealthy.
 b - the ring of the Scorching Madman (left hand) {rF+ MR+}
   (You found it on level 2 of the Depths)

   [ring of protection from magic]

   It protects you from fire.
   It affects your resistance to hostile enchantments.
 m - a +4 ring of evasion (right hand)
 q - the ring of Hishiodu {MP+9 Str+4 Int+2}
   (You found it on level 2 of the Depths)

   [ring of magical power]

   It affects your strength (+4).
   It affects your intelligence (+2).
   It affects your magic capacity (+9).
 N - an uncursed ring of resist corrosion
 P - an uncursed ring of protection from fire
 V - a +3 ring of protection
Wands
 d - a wand of digging (12)
 u - a wand of acid (4)
 x - a wand of iceblast (5)
 y - a wand of polymorph (27)
 J - a wand of disintegration (35)
 M - a wand of paralysis (4)
 T - a wand of flame (17)
Scrolls
 e - a scroll of fear
 h - 6 scrolls of fog
 k - 2 scrolls of teleportation
 o - 4 scrolls of noise
 p - 16 scrolls of remove curse
 z - 2 scrolls of immolation
 A - 4 scrolls of magic mapping
 I - 2 scrolls of silence
 K - 3 scrolls of vulnerability
 Q - a scroll of summoning
Miscellaneous
 E - a lamp of fire
 G - 2 phantom mirrors
 H - a lightning rod (4/4)
 R - a sack of spiders
 U - a phial of floods


   Skills:
 - Level 20.7 Fighting
 - Level 14.0 Staves
 - Level 17.1 Armour
 - Level 16.1 Dodging
 - Level 2.4 Stealth
 - Level 15.5 Spellcasting
 - Level 15.3 Conjurations
 - Level 5.0 Charms
 - Level 10.0 Fire Magic
 * Level 4.9 Air Magic
 - Level 10.0 Earth Magic


You had 7 spell levels left.
You knew the following spells:

 Your Spells              Type           Power        Failure   Level  Hunger
a - Flame Tongue          Conj/Fire      #####        1%          1    N/A
b - Conjure Flame         Conj/Fire      ######..     1%          3    N/A
c - Sticky Flame          Conj/Fire      ######..     1%          4    N/A
d - Fireball              Conj/Fire      ######....   1%          5    N/A
e - Bolt of Fire          Conj/Fire      ######....   7%          6    N/A
f - Bolt of Magma         Conj/Fire/Erth ######....   1%          5    N/A
g - Iron Shot             Conj/Erth      ######....   7%          6    N/A
h - Passwall              Tmut/Erth      #####...     6%          2    N/A
i - Orb of Destruction    Conj           ######....   13%         7    N/A
j - Deflect Missiles      Chrm/Air       #####.....   100%        6    N/A

Your spell library contained the following spells:

 Spells                   Type           Power        Failure   Level  Hunger
 Glaciate                 Conj/Ice/Air   #####.....   100%        8    N/A
 Ignition                 Fire           ######....   100%        8    N/A
 Tornado                  Tloc/Air       ####......   100%        8    N/A
 Magic Dart               Conj           ####         1%          1    N/A
 Sandblast                Erth           ######       1%          1    N/A
 Searing Ray              Conj           ######..     1%          2    N/A
 Iskenderun's Mystic Bla  Conj           ######..     1%          3    N/A
 Mephitic Cloud           Conj/Pois/Air  #####...     1%          3    N/A
 Flaming Arrows           Chrm/Fire      #####...     2%          2    N/A
 Inner Flame              Hex/Fire       N/A          3%          3    N/A
 Infusion                 Chrm           #####...     4%          1    N/A
 Dazzling Orbs            Conj/Hex       #####..      4%          3    N/A
 Fulminant Prism          Conj/Hex       #####.....   4%          4    N/A
 Iskenderun's Battlesphe  Conj/Chrm      ######..     4%          5    N/A
 Bolt of Draining         Conj/Necr      #####.....   11%         5    N/A
 Irradiate                Conj/Tmut      #####.....   11%         5    N/A
 Conjure Ball Lightning   Conj/Air       ######....   19%         6    N/A
 Apportation              Tloc           ###...       32%         1    N/A
 Corona                   Hex            ###....      32%         1    N/A
 Slow                     Hex            ###.....     32%         1    N/A
 Summon Butterflies       Summ           ###.....     32%         1    N/A
 Steam Barrier            Chrm/Fire      #####.....   38%         5    N/A
 Blink                    Tloc           N/A          43%         2    N/A
 Call Imp                 Summ           ###...       43%         2    N/A
 Corpse Rot               Necr           N/A          43%         2    N/A
 Ensorcelled Hibernation  Hex/Ice        ###...       43%         2    N/A
 Sticks to Snakes         Tmut           ###.....     43%         2    N/A
 Confuse                  Hex            ###.....     67%         3    N/A
 Portal Projectile        Tloc           ###...       67%         3    N/A
 Tukima's Dance           Hex            ###.....     67%         3    N/A
 Piercing Shot            Chrm           #####.....   75%         5    N/A
 Agony                    Necr           ###.....     97%         4    N/A
 Cause Fear               Hex            ###.......   97%         4    N/A
 Borgnjor's Vile Clutch   Necr/Erth      #####.....   99%         6    N/A
 Haunt                    Necr/Summ      ###.......   100%        7    N/A
 Malign Gateway           Summ/Tloc      ###.......   100%        7    N/A
 Monstrous Menagerie      Summ           ###.......   100%        7    N/A
 Spellforged Servitor     Conj/Summ      #####.....   100%        7    N/A
 Summon Greater Demon     Summ           ###.......   100%        7    N/A
 Summon Horrible Things   Summ           ###.......   100%        8    N/A
 Time Stop                Chrm/Tloc      N/A          100%        8    N/A
 Shatter                  Erth           ######....   100%        9    N/A
 Beastly Appendage        Tmut           Unusable     N/A         1    N/A
 Sublimation of Blood     Necr           Unusable     N/A         2    N/A
 Spider Form              Tmut/Pois      Unusable     N/A         3    N/A
 Ice Form                 Ice/Tmut       Unusable     N/A         4    N/A
 Statue Form              Tmut/Erth      Unusable     N/A         6    N/A
 Blade Hands              Tmut           Unusable     N/A         5    N/A

Dungeon Overview and Level Annotations

Branches:
Dungeon (12/12)            Temple (1/1) D:5            Lair (6/6) D:8
  Swamp (3/3) Lair:3       Shoals (3/3) Lair:4        Slime (0/5) Lair:6
    Orc (1/1) D:10            Elf (0/3) Orc          Vaults (2/3) D:12
  Crypt (0/2) Vaults:1     Depths (4/5) D:12

Altars:
Ashenzari
Cheibriados
Dithmenos
Hepliaklqana
Kikubaaqudgha
Lugonu
Nemelex Xobeh
Qazlal
Ru
Sif Muna
Trog
Uskayaw
Vehumet
Wu Jian
Xom
Yredelemnul
Jiyva

Shops:
D:5 *   D:6 (   D:11 %   Orc }?((%   Vaults:1 *   Vaults:2 %   Depths:3 !
Depths:4 :

Portals:
Hell: Depths:1 Depths:2 Depths:3 Depths:4
Abyss: Depths:1 Depths:4
Pandemonium: Depths:1 Depths:3 Depths:4
Ziggurat: Depths:1
Trove: D:11 (give +2 shadow dragon scales)

Annotations:
D:1 1 exclusion
D:2 1 exclusion
D:4 14 exclusions
Lair:1 3 runed translucent doors, polpettosauro's ghost, journeyman MfTm
Lair:3 exclusion: 2 oklob plants
Lair:6 exclusion: 2 oklob plants
Shoals:2 2 runed translucent doors, yrara's ghost, adept DsFi
Shoals:3 exclusion: Roxanne, Roxanne


Innate Abilities, Weirdness & Mutations

You do not eat or drink.
You are immune to poison.
Your flesh is cold resistant. (rC+)
Your body sometimes deteriorates upon taking damage.
You are immune to negative energy. (rN+++)
You regenerate health from kills.
You are immune to unholy pain and torment.
You can survive without breathing.
When hurt, damage is shared between your health and your magic reserves.
Your movements are significantly less encumbered by armour. (ER -6)
Casting spells heals you.


Message History

A battlesphere comes into view.
You barely miss the juggernaut.
The juggernaut is severely wounded.
You hit the juggernaut.
You feel better.
The juggernaut is severely wounded.
The juggernaut hits you!!!
You are shoved backwards!
You slice the juggernaut!!
The juggernaut is almost dead.
You slash the juggernaut!
The juggernaut is almost dead.
You slice the juggernaut!!
You feel better.
The juggernaut is almost dead.
The juggernaut hits you!!
* * * LOW HITPOINT WARNING * * *
Your body deteriorates!
You feel clumsy.
You are shoved backwards!
As you read the scroll of teleportation, it crumbles to dust.
You feel strangely unstable. The juggernaut hits you!!!
You die...

#### ##PP♣# #PP≈≈♣##
################## ♣♣≈≈≈≈≈#
#≈................ ♣≈≈≈≈≈♣#
#.################ ♣.≈≈≈.♣
#.#....#...# ##.....#
#.#.)..#...# .......#######
#.#....#...# .............#
#@#....#...# ...#.........#
#C##'####'####'### ...########..#
#.D)CQ*...........
#)......###..###⌠##'####'###'####
#.......'.....##≈#...#....#
#.......#....###≈#...#....#
#.......#....# #≈#...#....#
....############≈#...#....#
....#.........###################


You could see a juggernaut and a golden dragon.

Vanquished Creatures
  2 juggernauts
  Mara (Vaults:2)
  Xtahua (Depths:3)
  A Killer Klown (Depths:4)
  Margery (Depths:2)
  Bai Suzhen (Shoals:3)
  2 golden dragons
  the Lernaean hydra (Swamp:3)
  Frederick (Vaults:2)
  4 caustic shrikes
  the Enchantress (Depths:1)
  A rockslime (Depths:2)
  Frances (Swamp:2)
  4 liches
  2 tentacled monstrosities
  A quicksilver dragon (Depths:4)
  2 titans
  4 sphinxes
  A kraken (Shoals:2)
  Kirke (Lair:6)
  A thorn hunter (Swamp:1)
  2 shadow dragons
  4 storm dragons
  A war gargoyle (Vaults:2)
  4 frost giants
  4 iron dragons (Depths:4)
  A cacodemon (Depths:4)
  7 vault wardens (Vaults:1)
  8 fire giants
  Aizul (Swamp:2)
  23 stone giants
  5 spriggan defenders
  15 very ugly things
  A reaper (Depths:1)
  7 ironheart preservers
  The ghost of yrara the Bludgeoner, a journeyman DsFi of Gozag (Orc)
  2 vampire knights
  4 spark wasps
  7 dire elephants
  A deep elf annihilator (Vaults:2)
  2 merfolk javelineers
  2 fire dragons
  5 merfolk impalers
  A deep elf death mage (Vaults:2)
  13 ettins
  Snorg (D:10)
  7 yaktaur captains
  Harold (D:8)
  Fannar (Lair:3)
  17 hydras
  7 ice dragons
  3 vault guards (Vaults:1)
  3 merfolk avatars
  4 rakshasas
  The ghost of Argron the Unseen, a journeyman NaAc of Dithmenos (Orc)
  2 juggernaut simulacra
  A shambling mangrove (Swamp:2)
  8 spriggan air magi
  A ghost crab (Swamp:1)
  An alligator snapping turtle (Shoals:3)
  A death knight (Vaults:2)
  12 alligators
  9 two-headed ogres
  5 merfolk aquamancers
  6 great orbs of eyes
  5 ogre magi
  5 death yaks (Lair:3)
  3 satyrs
  An alligator (shapeshifter) (Vaults:2)
  9 deep troll shamans
  3 tengu warriors
  5 deep troll earth magi
  3 ironheart beastmasters
  An orc high priest (Orc)
  8 sea snakes
  2 dancing weapons (Vaults:1)
  2 hell hogs (Depths:2)
  9 spriggan berserkers
  4 deep elf knights
  14 centaur warriors
  13 deep trolls
  6 hell knights (Depths:2)
  2 storm dragon zombies
  2 sixfirhies (Depths:4)
  6 skeletal warriors
  2 goliath frogs
  2 iron trolls (Depths:3)
  A spark wasp zombie (Depths:4)
  13 swamp dragons
  A glowing orange brain (Depths:3)
  A spriggan druid (Swamp:2)
  A flayed ghost (Depths:3)
  A deep elf archer (Vaults:1)
  A wolf spider zombie (D:12)
  A shadow dragon zombie (Depths:4)
  Pikel (D:8)
  4 orc knights (Orc)
  23 ugly things
  3 cyclopes
  A harpy (shapeshifter) (Depths:2)
  2 wizards
  15 harpies
  8 ironheart convokers
  4 necromancers
  An orc sorcerer (Swamp:3)
  5 phantasmal warriors
  10 fauns
  A tengu skeleton (Depths:4)
  A fire giant zombie (Depths:2)
  5 manticores
  4 deep elf magi
  A stone giant zombie (Depths:2)
  A salamander (shapeshifter) (Depths:2)
  8 merfolk sirens
  23 elephants
  11 will-o'-wisps
  8 water nymphs
  A rust devil (Depths:3)
  Joseph (D:8)
  8 black mambas
  6 vault sentinels
  14 cane toads
  5 rime drakes
  3 orange demons
  8 komodo dragons
  2 guardian mummies (D:11)
  20 yaktaurs
  2 eyes of draining
  2 freezing wraiths (Vaults:2)
  A hellwing (Depths:1)
  22 merfolk
  3 tengu conjurers
  10 trolls
  A queen bee (shapeshifter) (Depths:4)
  4 polar bears (Lair:6)
  19 hornets
  34 slime creatures
  6 bog bodies
  3 tyrant leeches
  2 harpy skeletons
  A wind drake (shapeshifter) (Vaults:1)
  A frost giant simulacrum (Depths:2)
  7 snapping turtles
  A raiju (shapeshifter) (Depths:2)
  A wind drake (Shoals:1)
  13 blink frogs
  18 dream sheep
  7 hippogriffs
  A spriggan (shapeshifter) (Vaults:1)
  Grum (Lair:2)
  12 water elementals
  A shadow (D:12)
  A ynoxinul (Depths:1)
  5 wyverns
  A hog (shapeshifter) (Depths:4)
  A wyvern (shapeshifter) (D:12)
  24 yaks
  A steam dragon (D:9)
  23 spriggans
  A golden eye (shapeshifter) (Depths:1)
  6 vampire mosquitoes
  3 hungry ghosts
  A redback (shapeshifter) (Depths:2)
  A basilisk (Lair:3)
  A warg (Orc)
  3 hogs (Lair:6)
  Menkaure (D:4)
  A warg (shapeshifter) (Depths:1)
  10 crocodiles
  9 swamp worms
  An acid dragon (D:10)
  9 hell hounds (Depths:2)
  10 water moccasins
  10 porcupines
  2 soldier ants
  29 orc warriors
  2 ice beasts
  14 swamp drakes
  A sky beast (D:4)
  4 slaves (D:8)
  4 black bears
  A hornet zombie (D:9)
  3 phantoms
  6 ogres
  15 boggarts
  2 blink frog skeletons (D:10)
  30 wolves
  17 bullfrogs
  2 kobold brigands (D:6)
  2 gnoll sergeants
  3 water moccasin zombies (Ossuary)
  22 centaurs
  4 scorpions
  2 troll zombies (D:10)
  7 killer bees
  9 wights
  4 orc priests
  3 electric eels (D:8)
  4 howler monkeys
  10 crimson imps
  A human simulacrum (Vaults:2)
  A jelly (D:8)
  A gnoll shaman (D:6)
  9 hounds
  A bullfrog skeleton (D:7)
  12 orc wizards
  Terence (D:2)
  4 iguanas
  7 worker ants
  A porcupine skeleton (D:7)
  4 kobold zombies (Ossuary)
  4 ogre zombies (D:10)
  A worker ant zombie (D:5)
  2 mummies (Ossuary)
  12 gnolls
  15 adders
  A howler monkey skeleton (D:8)
  A river rat (D:5)
  3 shadow imps
  An adder skeleton (D:8)
  10 adder zombies
  3 worms
  2 dart slugs (D:2)
  11 leopard geckos
  66 orcs
  A ball python (D:5)
  2 giant cockroaches
  2 gnoll zombies (Ossuary)
  5 goblins
  12 hobgoblins
  15 jackals
  16 kobolds
  4 quokkas
  9 bats
  11 frilled lizards
  2 goblin skeletons (D:10)
  A hobgoblin skeleton (D:10)
  10 hobgoblin zombies
  A jackal skeleton (D:4)
  An orc skeleton (D:10)
  20 orc zombies
  2 quokka skeletons
  8 rats
  A fire vortex (Depths:3)
  2 plants
  A spectral weapon (D:10)
  4 tentacles (Shoals:2)
1383 creatures vanquished.

Vanquished Creatures (others)
  A spriggan defender (Depths:3)
  A spark wasp (Depths:3)
  A fire dragon (Vaults:2)
  A hydra (Swamp:2)
  An orc priest (Orc)
  2 fire vortices (Depths:3)
  15 fungi
  55 plants
  245 spectral weapons
  4 tentacles (Shoals:2)
326 creatures vanquished.

Grand Total: 1709 creatures vanquished

Notes
Turn   | Place    | Note
-------+----------+-------------------------------------------
     0 | D:1      | Mehrunes the Skeleton Fire Elementalist began the quest for
                  | the Orb.
     0 | D:1      | Reached XP level 1. HP: 10/10 MP: 4/4
   156 | D:1      | Reached XP level 2. HP: 16/16 MP: 4/6
   579 | D:1      | Reached skill level 1 in Fighting
   729 | D:1      | Reached XP level 3. HP: 20/20 MP: 2/8
   904 | D:1      | Learned a level 3 spell: Conjure Flame
  1021 | D:2      | Noticed Terence
  1213 | D:2      | Killed Terence
  1214 | D:2      | Reached XP level 4. HP: 22/25 MP: 2/10
  1689 | D:3      | Reached skill level 2 in Fighting
  1717 | D:3      | Learned a level 4 spell: Sticky Flame
  1799 | D:3      | Reached XP level 5. HP: 30/30 MP: 6/11
  2680 | D:3      | Found a hazy altar of Hepliaklqana.
  2681 | D:3      | Found a shimmering altar of Xom.
  2681 | D:3      | Noticed a spectral ugly thing
  2682 | D:3      | Noticed a spectral ugly thing
  2682 | D:3      | Noticed a spectral ugly thing
  2908 | D:4      | Reached skill level 5 in Spellcasting
  2908 | D:4      | Gained mutation: You regenerate a little health from kills.
                  | [Skeleton growth]
  2908 | D:4      | Reached XP level 6. HP: 18/36 MP: 8/13
  2971 | D:4      | Learned a level 5 spell: Fireball
  3011 | D:4      | Found a corrupted altar of Lugonu.
  3014 | D:4      | Found a glowing silver altar of Zin.
  3016 | D:4      | Found a stormy altar of Qazlal.
  3134 | D:4      | Noticed Menkaure
  3159 | D:4      | Killed Menkaure
  3160 | D:4      | Reached skill level 3 in Fighting
  3497 | D:4      | Noticed a sky beast
  3512 | D:4      | Killed a sky beast
  3513 | D:4      | Reached XP level 7. HP: 41/41 MP: 7/15
  5345 | D:5      | Entered Level 5 of the Dungeon
  5377 | D:5      | Reached skill level 1 in Staves
  5377 | D:5      | Reached skill level 1 in Armour
  5390 | D:5      | Reached skill level 4 in Fighting
  5434 | D:5      | Found a staircase to the Ecumenical Temple.
  5469 | Temple   | Entered the Ecumenical Temple
  5566 | Temple   | Became a worshipper of Vehumet
  5635 | D:5      | Reached XP level 8. HP: 41/48 MP: 17/17
  5651 | D:5      | Got a vibrating ivory ring
  5951 | D:5      | Found a glowing drain.
  5992 | D:5      | Found Naistysm's Assorted Antiques.
  6071 | D:6      | Found a sand-covered staircase.
  6081 | Ossuary  | Entered an ossuary
  6110 | Ossuary  | Reached skill level 5 in Fighting
  6158 | Ossuary  | Reached * piety under Vehumet
  6158 | Ossuary  | Offered knowledge of Sting by Vehumet.
  6267 | D:6      | Found Doafut's Antique Weapon Boutique.
  6291 | D:6      | Reached skill level 5 in Staves
  6411 | D:6      | Reached ** piety under Vehumet
  6411 | D:6      | Offered knowledge of Magic Dart by Vehumet.
  6422 | D:6      | Reached skill level 6 in Fighting
  6510 | D:6      | Reached skill level 5 in Armour
  6568 | D:6      | Reached XP level 9. HP: 55/55 MP: 18/18
  6939 | D:6      | Noticed an eye of draining
  6943 | D:6      | Killed an eye of draining
  7475 | D:7      | Reached skill level 7 in Fighting
  7586 | D:7      | Noticed a troll
  7592 | D:7      | Killed a troll
  8161 | D:7      | Found a shattered altar of Ashenzari.
  8161 | D:7      | Found a basalt altar of Yredelemnul.
  8376 | D:8      | Noticed Joseph
  8387 | D:8      | Killed Joseph
  8470 | D:8      | Offered knowledge of Searing Ray by Vehumet.
  8560 | D:8      | Gained mutation: Your movements are less encumbered by
                  | armour. (ER -4) [Skeleton growth]
  8560 | D:8      | Reached XP level 10. HP: 64/64 MP: 19/19
  8566 | D:8      | Reached skill level 8 in Fighting
  8605 | D:8      | Reached *** piety under Vehumet
  8710 | D:8      | Offered knowledge of Ignite Poison by Vehumet.
  8842 | D:8      | Found a staircase to the Lair.
  8929 | D:8      | Noticed Harold
  8945 | D:8      | Killed Harold
  8946 | D:8      | Reached skill level 9 in Fighting
  8947 | D:8      | Reached skill level 10 in Staves
  9123 | D:8      | Noticed Pikel
  9129 | D:8      | Reached XP level 11. HP: 71/71 MP: 20/20
  9136 | D:8      | Killed Pikel
  9136 | D:8      | Reached **** piety under Vehumet
  9177 | D:8      | Offered knowledge of Airstrike by Vehumet.
 10145 | D:9      | Reached skill level 10 in Armour
 10374 | D:9      | Identified the ring of the Catamount {Ice Str-3 Dex+5} (You
                  | found it on level 5 of the Dungeon)
 10416 | D:9      | Reached skill level 10 in Fighting
 10651 | D:10     | Entered Level 10 of the Dungeon
 10703 | D:10     | Noticed a purple ugly thing
 10721 | D:10     | Killed a purple ugly thing
 10833 | D:10     | Noticed a skeletal warrior
 10833 | D:10     | Noticed a skeletal warrior
 10844 | D:10     | Killed a skeletal warrior
 10849 | D:10     | Killed a skeletal warrior
 10889 | D:10     | Noticed a skeletal warrior
 10889 | D:10     | Noticed a skeletal warrior
 10903 | D:10     | Killed a skeletal warrior
 10905 | D:10     | Killed a skeletal warrior
 10941 | D:10     | Noticed a skeletal warrior
 10954 | D:10     | Killed a skeletal warrior
 11222 | D:10     | Found a staircase to the Orcish Mines.
 11224 | D:10     | Reached ***** piety under Vehumet
 11242 | D:10     | Offered knowledge of Bolt of Fire by Vehumet.
 11283 | D:10     | Reached skill level 5 in Dodging
 11335 | D:10     | Reached skill level 11 in Fighting
 11340 | D:10     | Reached XP level 12. HP: 58/80 MP: 21/21
 11399 | D:10     | Learned a level 6 spell: Bolt of Fire
 11525 | D:10     | Noticed Snorg
 11532 | D:10     | Killed Snorg
 11555 | D:10     | Noticed a two-headed ogre
 11571 | D:10     | Killed a two-headed ogre
 12366 | D:11     | Found Yfoig's Food Emporium.
 12555 | D:11     | Found a portal to a secret trove of treasure.
 12750 | D:12     | Entered Level 12 of the Dungeon
 12750 | D:12     | Found a gate to the Vaults.
 12750 | D:12     | Noticed a two-headed ogre
 12750 | D:12     | Noticed a two-headed ogre
 12821 | Lair:1   | Entered Level 1 of the Lair of Beasts
 13068 | Lair:1   | Noticed a four-headed hydra
 13086 | Lair:1   | Killed an eight-headed hydra
 13087 | Lair:1   | Reached skill level 12 in Fighting
 13166 | Lair:1   | Found a runed translucent gate.
 13167 | Lair:1   | Found a runed translucent gate.
 13168 | Lair:1   | Found a runed translucent gate.
 13429 | Lair:1   | Noticed polpettosauro's ghost (journeyman MfTm)
 13687 | Lair:2   | Noticed Grum
 13697 | Lair:2   | Killed Grum
 13936 | Lair:2   | Reached XP level 13. HP: 63/87 MP: 22/22
 14240 | Lair:3   | Noticed Fannar
 14255 | Lair:3   | Killed Fannar
 14295 | Lair:3   | Found a staircase to the Swamp.
 14722 | Lair:3   | Reached skill level 13 in Fighting
 15471 | Lair:4   | Got a jade-encrusted ring mail
 15515 | Lair:4   | Got a warped marble ring
 15581 | Lair:4   | Reached skill level 10 in Dodging
 15764 | Lair:4   | Reached ****** piety under Vehumet
 15788 | Lair:4   | Got a steaming large shield
 15789 | Lair:4   | Identified the ring "Piageicley" {rC+ Stlth--} (You found
                  | it on level 4 of the Lair of Beasts)
 15790 | Lair:4   | Identified the +7 large shield of Failure {Str+3 Dex+4}
                  | (You found it on level 4 of the Lair of Beasts)
 15983 | Lair:4   | Offered knowledge of Bolt of Draining by Vehumet.
 16381 | Lair:5   | Reached skill level 14 in Fighting
 16481 | Lair:5   | Reached XP level 14. HP: 96/96 MP: 23/23
 17219 | Lair:6   | Entered Level 6 of the Lair of Beasts
 17369 | Lair:6   | Noticed Kirke
 17898 | Lair:6   | Killed Kirke
 17899 | Lair:6   | Reached skill level 15 in Fighting
 17938 | Lair:6   | Offered knowledge of Bolt of Magma by Vehumet.
 18175 | Lair:6   | Found a staircase to the Slime Pits.
 18545 | Lair:6   | Found a viscous altar of Jiyva.
 19021 | D:12     | Reached XP level 15. HP: 67/104 MP: 24/24
 19083 | D:12     | Noticed a frost giant
 19091 | D:12     | Killed a frost giant
 19092 | D:12     | Reached skill level 16 in Fighting
 19352 | D:12     | Found a staircase to the Depths.
 19648 | Orc      | Entered the Orcish Mines
 19785 | Orc      | Found a runed translucent gate.
 19785 | Orc      | Found a runed translucent gate.
 19785 | Orc      | Found a runed translucent gate.
 19789 | Orc      | Noticed Argron's ghost (journeyman NaAc)
 19789 | Orc      | Noticed yrara's ghost (journeyman DsFi)
 19971 | Orc      | Offered knowledge of Venom Bolt by Vehumet.
 20181 | Orc      | Found a staircase to the Elven Halls.
 20189 | Orc      | Found Qehoxin's Gadget Shop.
 20341 | Orc      | Found Aphyozio's Antique Weapon Boutique.
 20341 | Orc      | Found Elidwive's Antique Weapon Emporium.
 20341 | Orc      | Found Ditow's Food Shoppe.
 20344 | Orc      | Found Lasic's Magic Scroll Shop.
 21104 | Shoals:1 | Entered Level 1 of the Shoals
 22202 | Shoals:2 | Found a large runed translucent door.
 22202 | Shoals:2 | Found a large runed translucent door.
 22222 | Shoals:2 | Noticed yrara's ghost (adept DsFi)
 22248 | Shoals:2 | Offered knowledge of Bolt of Cold by Vehumet.
 22297 | Shoals:2 | Noticed a kraken
 22472 | Shoals:2 | Reached skill level 17 in Fighting
 22888 | Shoals:3 | Entered Level 3 of the Shoals
 22888 | Shoals:3 | Found the +9 sword of Zonguldrok {reap}
 22926 | Shoals:3 | Gained mutation: You regenerate health from kills.
                  | [Skeleton growth]
 22926 | Shoals:3 | Reached XP level 16. HP: 47/112 MP: 14/25
 23045 | Shoals:3 | Noticed Bai Suzhen
 23050 | Shoals:3 | Noticed Roxanne
 23061 | Shoals:3 | Reached skill level 15 in Dodging
 23402 | Shoals:3 | Killed Bai Suzhen
 23417 | Shoals:3 | Found a flickering gateway to a bazaar.
 23426 | Bazaar   | Entered a bazaar
 23428 | Bazaar   | Found Kaca's Gadget Shop.
 23435 | Bazaar   | Found Lebb's Antique Armour Shoppe.
 23442 | Bazaar   | Found Sogra's Armour Shop.
 23453 | Bazaar   | Found Saoczahal's Magic Scroll Emporium.
 23510 | Bazaar   | Bought an ichor-stained plate armour for 896 gold pieces
 23520 | Bazaar   | Identified the +9 plate armour "Geibbuek" {rN+ Int+7 Dex+3
                  | Slay-3} (You bought it in a shop in a bazaar)
 23527 | Bazaar   | Bought a +2 pair of gloves of dexterity for 258 gold pieces
 23550 | Bazaar   | Bought a scroll of enchant armour for 105 gold pieces
 23550 | Bazaar   | Bought a scroll of blinking for 105 gold pieces
 23550 | Bazaar   | Bought a scroll of enchant armour for 105 gold pieces
 23550 | Bazaar   | Bought a scroll of blinking for 105 gold pieces
 23559 | Bazaar   | Bought the cursed +0 pair of boots of Space {rF+ MR+ Dex-5
                  | Stlth+} for 144 gold pieces
 23768 | Shoals:3 | Got a barnacled rune of Zot
 24021 | Shoals:3 | Offered knowledge of Poison Arrow by Vehumet.
 24087 | Shoals:3 | Identified the cursed +2 longbow "Innocaas" {flame, *Slow
                  | +Fly rF+}
 24768 | Shoals:2 | Found a large runed translucent door.
 24773 | Shoals:2 | Found a large runed translucent door.
 25253 | Shoals:2 | Found a large runed translucent door.
 25253 | Shoals:2 | Found a large runed translucent door.
 25352 | Shoals:2 | Killed a kraken
 25751 | Orc      | Killed yrara's ghost
 25758 | Orc      | Killed Argron's ghost
 25836 | Orc      | Learned a level 5 spell: Bolt of Magma
 26018 | Vaults:1 | Entered Level 1 of the Vaults
 26064 | Vaults:1 | Reached skill level 5 in Conjurations
 26065 | Vaults:1 | Reached skill level 1 in Earth Magic
 26548 | Vaults:1 | Reached XP level 17. HP: 39/119 MP: 18/28
 26553 | Vaults:1 | Reached skill level 18 in Fighting
 27165 | Vaults:1 | Learned a level 6 spell: Iron Shot
 27170 | Vaults:1 | Offered knowledge of Conjure Ball Lightning by Vehumet.
 27573 | Vaults:1 | Found a staircase to the Crypt.
 27573 | Vaults:1 | Found a basalt altar of Yredelemnul.
 27574 | Vaults:1 | Found an ancient bone altar of Kikubaaqudgha.
 27598 | Vaults:1 | Found Vimamaw's General Store.
 27777 | Vaults:1 | Identified the +7 war axe "Ulaarij" {flame, SInv}
 28050 | Vaults:2 | Found Xihoogic's Food Boutique.
 28177 | Vaults:2 | Noticed Frederick
 28353 | Vaults:2 | Reached skill level 5 in Earth Magic
 28423 | Vaults:2 | Noticed Mara
 28435 | Vaults:2 | Noticed Mehrunes's illusion
 28446 | Vaults:2 | HP: 6/120 [Mehrunes's illusion (illusionary)[Mara] (3)]
 28904 | Vaults:2 | Noticed Mehrunes's illusion
 29456 | Depths:1 | Entered Level 1 of the Depths
 29490 | Depths:1 | Found a gateway to a ziggurat.
 29734 | Depths:1 | Found a one-way gate to the infinite horrors of the Abyss.
 29825 | Depths:1 | Reached skill level 10 in Spellcasting
 29949 | Depths:1 | Noticed a lich
 29955 | Depths:1 | Killed a lich
 29956 | Depths:1 | Reached XP level 18. HP: 116/126 MP: 32/32
 30020 | Depths:1 | Identified the +4 robe "Cauzxa" {rF+ SInv}
 30024 | Depths:1 | Noticed a caustic shrike
 30039 | Depths:1 | Killed a caustic shrike
 30041 | Depths:1 | Found the cursed +6 arbalest "Damnation" {hellfire, *Curse}
 30184 | Depths:1 | Identified the +1 faerie dragon scales {rCorr Slay+2}
 30184 | Depths:1 | Noticed the Enchantress
 30612 | Depths:1 | Found a gateway to Hell.
 30755 | Depths:1 | Found a one-way gate leading to the halls of Pandemonium.
 30768 | Depths:1 | Reached skill level 5 in Fire Magic
 30778 | Depths:1 | Reached skill level 10 in Conjurations
 30917 | Depths:1 | Killed the Enchantress
 30917 | Depths:1 | Offered knowledge of Glaciate by Vehumet.
 30917 | Depths:1 | Offered knowledge of Tornado by Vehumet.
 30917 | Depths:1 | Offered knowledge of Ignition by Vehumet.
 31389 | Depths:1 | Learned a level 2 spell: Passwall
 31593 | Depths:2 | Noticed a rockslime
 31610 | Depths:2 | Killed a rockslime
 32662 | Depths:2 | Noticed a caustic shrike
 33089 | Swamp:1  | Entered Level 1 of the Swamp
 33107 | Swamp:1  | Reached skill level 19 in Fighting
 33388 | Swamp:1  | Found a hazy altar of Hepliaklqana.
 33440 | Swamp:1  | Reached skill level 15 in Armour
 34253 | Swamp:2  | Noticed Aizul
 34360 | Swamp:2  | Killed Aizul
 34361 | Swamp:2  | Reached XP level 19. HP: 132/132 MP: 20/33
 34441 | Swamp:2  | Noticed Frances
 34453 | Swamp:2  | Killed Frances
 34749 | Swamp:2  | Found a sacrificial altar of Ru.
 35000 | Swamp:3  | Entered Level 3 of the Swamp
 35914 | Swamp:3  | Noticed the 27-headed Lernaean hydra
 35988 | Swamp:3  | Learned a level 7 spell: Orb of Destruction
 36342 | Swamp:3  | Killed the 27-headed Lernaean hydra
 36529 | Swamp:3  | Got a decaying rune of Zot
 37690 | Vaults:2 | Noticed Mehrunes's illusion
 38347 | Vaults:2 | Killed Frederick
 38469 | Vaults:2 | Found Xihoogic's Food Boutique.
 38773 | Vaults:2 | Killed Mara
 39622 | Depths:2 | Killed a caustic shrike
 39623 | Depths:2 | Reached skill level 10 in Earth Magic
 39982 | Depths:2 | Gained mutation: Your movements are significantly less
                  | encumbered by armour. (ER -6) [Skeleton growth]
 39982 | Depths:2 | Reached XP level 20. HP: 93/139 MP: 36/36
 40695 | Depths:2 | Reached skill level 10 in Fire Magic
 40920 | Depths:2 | Noticed a golden dragon
 40948 | Depths:2 | Killed a golden dragon
 41075 | Depths:2 | Identified the cursed ring of the Scorching Madman {rF+
                  | MR+}
 41075 | Depths:2 | Identified the ring of Hishiodu {MP+9 Str+4 Int+2}
 41075 | Depths:2 | Identified the +9 great sword "Hulu" {flame, Dex+2 SInv}
 41264 | Depths:3 | Found Otiuc's Distillery.
 41280 | Depths:3 | Noticed Margery
 41337 | Depths:3 | Noticed Xtahua
 42084 | Depths:3 | Reached skill level 20 in Fighting
 42169 | Depths:2 | Killed Margery
 43217 | Depths:3 | Killed Xtahua
 43218 | Depths:3 | Reached XP level 21. HP: 145/146 MP: 24/39
 43218 | Depths:3 | Found the +6 fire dragon scales of Xtahua {rF+++ rC- MR+}
 43816 | Depths:3 | Noticed a juggernaut
 43844 | Depths:3 | Killed a juggernaut
 44570 | Depths:4 | Reached skill level 15 in Spellcasting
 44856 | Depths:4 | Noticed a juggernaut
 45069 | Depths:4 | Killed a juggernaut
 45357 | Depths:4 | Noticed a Killer Klown
 45363 | Depths:4 | Killed a Killer Klown
 45364 | Depths:4 | Reached skill level 15 in Conjurations
 45539 | Depths:4 | Identified the cursed amulet of Jesekhyk {Inacc Str+4}
 45946 | Depths:4 | Found Cufoeniwn's One-of-a-Kind Books.
 45954 | Depths:4 | Bought the Handbook of Lucky Translocation for 660 gold
                  | pieces
 45961 | Depths:4 | Learned a level 6 spell: Deflect Missiles
 46707 | Depths:4 | Reached skill level 1 in Charms
 46718 | Depths:4 | Reached skill level 1 in Air Magic
 46770 | Depths:4 | Noticed a caustic shrike
 46789 | Depths:4 | Killed a caustic shrike
 46849 | Depths:4 | Noticed a caustic shrike
 46870 | Depths:4 | Killed a caustic shrike
 47381 | Depths:4 | Reached skill level 5 in Charms
 47398 | Depths:4 | Noticed a golden dragon
 47412 | Depths:4 | Reached XP level 22. HP: 146/151 MP: 41/41
 47432 | Depths:4 | Killed a golden dragon
 47443 | Depths:4 | Noticed a golden dragon
 47444 | Depths:4 | Noticed a juggernaut
 47468 | Depths:4 | Mangled by a juggernaut

Skill      XL: |  1  2  3  4  5  6  7  8  9 10 11 12 13 14 15 16 17 18 19 20 21 |
---------------+----------------------------------------------------------------+-----
Fighting       | 1 2 3 4 6 7 9 11 12 14 15 17 18 19 20 | 20.7
Conjurations   | 2 3 4 6 9 11 12 14 15 | 15.3
Spellcasting   | 4 5 6 7 10 12 14 15 | 15.5
Fire Magic     | 4 6 9 10 | 10.0
Staves         | 2 5 8 10 12 13 14 | 14.0
Armour         | 2 5 7 9 10 11 13 14 15 16 17 | 17.1
Dodging        | 5 8 11 13 14 15 16 | 16.1
Earth Magic    | 3 6 8 10 | 10.0
Charms         | 5 |  5.0
Air Magic      | 4 |  4.9
Stealth        | |  2.4

Action                   |  1- 3 |  4- 6 |  7- 9 | 10-12 | 13-15 | 16-18 | 19-21 | 22-24 || total
-------------------------+-------+-------+-------+-------+-------+-------+-------+-------++-------
Melee: Short sword       |    19 |    11 |       |       |       |       |       |       ||    30
       Hand axe          |       |    20 |    35 |       |       |       |       |       ||    55
       Lajatang          |       |       |   246 |   442 |   914 |  1103 |  1173 |    38 ||  3916
       Trident           |       |       |     1 |       |       |       |       |       ||     1
 Fire: Blowgun           |       |       |     8 |       |       |       |       |       ||     8
Throw: Stone             |       |       |     2 |       |       |       |       |       ||     2
 Cast: Flame Tongue      |    82 |   131 |    10 |    29 |       |       |       |       ||   252
       Conjure Flame     |       |     1 |       |     6 |     1 |     4 |     1 |       ||    13
       Sticky Flame      |       |       |       |     2 |     9 |     9 |     4 |       ||    24
       Fireball          |       |       |       |       |       |     6 |       |       ||     6
       Bolt of Magma     |       |       |       |       |       |    34 |    96 |       ||   130
       Iron Shot         |       |       |       |       |       |    13 |    14 |       ||    27
       Passwall          |       |       |       |       |       |     2 |       |       ||     2
       Orb of Destructio |       |       |       |       |       |       |    28 |       ||    28
       Bolt of Fire      |       |       |       |       |       |       |    17 |       ||    17
       Deflect Missiles  |       |       |       |       |       |       |     1 |       ||     1
Evoke: Wand              |       |     4 |       |       |       |     1 |       |       ||     5
       Phantom mirror    |       |       |       |       |       |     1 |       |       ||     1
       Lamp of fire      |       |       |       |       |       |     1 |       |       ||     1
  Use: Scroll            |       |       |     4 |     7 |    12 |    14 |    31 |     1 ||    69
 Stab: Sleeping          |       |     1 |       |       |       |       |       |       ||     1
       Distracted        |       |       |     3 |     6 |     4 |     7 |     6 |       ||    26
       Confused          |       |       |       |       |       |     1 |       |       ||     1
Armor: Robe              |    11 |    15 |    13 |       |       |       |       |       ||    39
       Chain mail        |       |       |     6 |       |       |       |       |       ||     6
       Plate armour      |       |       |   137 |   286 |   560 |   582 |   249 |       ||  1814
       Gold dragon scale |       |       |       |       |       |       |   526 |    17 ||   543
Dodge: Dodged            |    31 |    61 |   108 |   189 |   467 |   602 |   779 |    13 ||  2250
       Deflected         |       |       |     8 |    22 |    61 |   103 |    53 |     1 ||   248
